 Dungeon Crawl Stone Soup version 0.23-a0-309-ge7838e6 (webtiles) character file.

18 MatthieuS the Gusty (level 2, 0/15 HPs)
             Began as a Tengu Air Elementalist on Oct 11, 2018.
             Slain by a centaur (3 damage)
             ... on level 2 of the Dungeon.
             The game lasted 00:03:42 (1254 turns).

MatthieuS the Gusty (Tengu Air Elementalist)        Turns: 1254, Time: 00:03:42

Health: 0/15       AC:  2    Str:  8    XL:     2   Next: 66%
Magic:  6/6        EV: 13    Int: 15    God:
Gold:   26         SH:  0    Dex: 14    Spells: 2/5 levels left

rFire    . . .     SeeInvis .   a - +0 whip (elec)
rCold    . . .     Gourm    .   (no shield)
rNeg     . . .     Faith    .   d - +0 robe
rPois    .         Spirit   .   (helmet restricted)
rElec    .         Reflect  .   (no cloak)
rCorr    +         Harm     .   (no gloves)
MR       .....                  (boots unavailable)
Stlth    ++........             (no amulet)
HPRegen  0.05/turn              c - ring of resist corrosion
MPRegen  0.10/turn              (no ring)

@: no status effects
A: beak, talons 3
a: no special abilities


You were on level 2 of the Dungeon.
You were hungry.

You visited 1 branch of the dungeon, and saw 2 of its levels.

You collected 26 gold pieces.

Inventory:

Hand Weapons
 a - a +0 whip of electrocution (weapon)
   (You took it off a kobold on level 1 of the Dungeon)
Armour
 d - a +0 robe (worn)
Jewellery
 c - a ring of resist corrosion (left hand)
   (You found it on level 1 of the Dungeon)
Scrolls
 b - 2 scrolls of teleportation {unknown}
 g - 2 scrolls of remove curse {unknown}
 h - a scroll of immolation {unknown}
Comestibles
 e - 3 rations


   Skills:
 + Level 2.4 Dodging
 + Level 2.3 Stealth
 * Level 2.3 Spellcasting
 + Level 1.8 Conjurations
 + Level 4.2 Air Magic


You had 2 spell levels left.
You knew the following spells:

 Your Spells              Type           Power        Failure   Level  Hunger
a - Shock                 Conj/Air       ##..         6%          1    #......
s - Swiftness             Chrm/Air       #.......     14%         2    ###....

Your spell library contained the following spells:

 Spells                   Type           Power        Failure   Level  Hunger
 Static Discharge         Conj/Air       ##......     19%         3    ###....
 Airstrike                Air            ##........   36%         4    #####..
 Lightning Bolt           Conj/Air       ##........   86%         5    ######.


Dungeon Overview and Level Annotations

Branches:
Dungeon (2/15)

Altars:


Innate Abilities, Weirdness & Mutations

You have a beak for a mouth.
You have claws for feet.


Message History

Aim: a giant cockroach (clinging, resting)
The zap hits the giant cockroach.
The giant cockroach appears unharmed.
Aim: a giant cockroach (clinging)
The zap misses the giant cockroach.
Aim: a giant cockroach (clinging)
The zap hits the giant cockroach.
Aim: a giant cockroach (heavily wounded, clinging)
The zap hits the giant cockroach.
Aim: a giant cockroach (severely wounded, clinging)
You miscast Shock.
You are very lightly contaminated with residual magic.
Wisps of vapour drift from your hands.
Aim: a giant cockroach (severely wounded, clinging)
The zap misses the giant cockroach.
The giant cockroach barely misses you.
You don't have enough magic to cast that spell.
You closely miss the giant cockroach.
You peck the giant cockroach, but do no damage.
The giant cockroach bites you.
You hit the giant cockroach but do no damage.
You claw the giant cockroach, but do no damage.
Your peck misses the giant cockroach.
The giant cockroach bites you but does no damage.
You closely miss the giant cockroach. Your kick misses the giant cockroach.
You peck the giant cockroach.
You kill the giant cockroach!
Unknown command.
You start resting.
Some of the chunks of flesh in your inventory have rotted away.
You start resting.
Your magical contamination has completely faded away.
All of the chunks of flesh in your inventory have rotted away.
Done exploring.
Done exploring.
You are feeling hungry.
You can't go down here!
There is a stone staircase leading down here.
You climb downwards.
An adder and a centaur come into view.
Found a ration and a blue potion.
Found a stone staircase leading down and a stone staircase leading up.
There is a stone staircase leading up here.
The helpless centaur fails to defend itself.
You hit the centaur but do no damage. The centaur closely misses you.
You hit the centaur. Lightning courses through the centaur!
You claw the centaur, but do no damage. The centaur hits you!
The centaur hits you.
* * * LOW HITPOINT WARNING * * *
You barely miss the centaur. You claw the centaur, but do no damage.
The centaur hits you.
You die...

#............
##.........S..
#.............
#............
#..........#
#......!...##
#......c....#
#....@...#
#......%.#
#..........#
............#
##..........#
#<.........#
#..........#
##........##


You could see a centaur and an adder (sleeping).

Vanquished Creatures
  An ooze (D:1)
  A giant cockroach (D:1)
  2 goblins (D:1)
  A hobgoblin (D:1)
  3 bats (D:1)
  2 frilled lizards (D:1)
  4 kobolds (D:1)
  A rat (D:1)
15 creatures vanquished.

Notes
Turn   | Place    | Note
-------+----------+-------------------------------------------
     0 | D:1      | MatthieuS the Tengu Air Elementalist began the quest for
                  | the Orb.
     0 | D:1      | Reached XP level 1. HP: 10/10 MP: 4/4
   662 | D:1      | Reached XP level 2. HP: 15/15 MP: 3/6
   945 | D:1      | Learned a level 2 spell: Swiftness
  1251 | D:2      | Noticed a centaur
  1254 | D:2      | Slain by a centaur

Vault maps used:
D:1:      dpeg_arrival_arbitrary_b, serial_aquarium, aquarium_bridge_square,
          aquarium_window_2, aquarium_window_3, aquarium_window_1,
          aquarium_view_2b, aquarium_view_2c, aquarium_balcony_5b
D:2:      lemuel_doored_altar

Action                   || total
-------------------------++-------
Melee: Whip              ||     6
       Kick              ||     3
       Peck              ||     2
 Cast: Shock             ||    39
 Stab: Sleeping          ||     1
  Eat: Chunk             ||     1
Armor: Robe              ||     1
Dodge: Dodged            ||     9

Table legend:
 A = Non-vault XP
 B = Vault XP
 C = Vault XP percentage of total XP
 D = Non-vault monster count
 E = Vault monster count
 F = Vault count percentage of total count
                 A         B        C        D         E       F
            +---------+---------+-------+---------+---------+-------
      Total |      26 |       0 |   0.0 |      15 |       0 |   0.0
            +---------+---------+-------+---------+---------+-------
        D:1 |      26 |       0 |   0.0 |      15 |       0 |   0.0
            +---------+---------+-------+---------+---------+-------
